 Dungeon Crawl Stone Soup version 0.31-a0-750-gfe7b580527 (webtiles) character file.

Game seed: 1200603458098227571

10539 puppykicker the Grappler (level 11, -1/63 HPs)
             Began as an Octopode Shapeshifter on Sept 14, 2023.
             Was a Priest of Hepliaklqana.
             Hit by a stone thrown by a skeletal warrior (2 damage)
             ... on level 10 of the Dungeon on Sept 15, 2023.
             The game lasted 00:35:25 (10125 turns).

puppykicker the Grappler (Octopode Shapeshifter)   Turns: 10125, Time: 00:35:26

Health: -1/63      AC:  1    Str: 18    XL:     11   Next: 63%
Magic:  15/15      EV: 13    Int: 21    God:    Hepliaklqana [***...]
Gold:   619        SH:  0    Dex:  9    Spells: 12/16 levels left

rFire   + .          .
                       - Unarmed
rCold   + + .        (no shield)
rNeg    + . .        (helmet currently unavailable)
rPois   .            (no amulet)
rElec   +            o - ring of willpower
rCorr   +            C - ring of resist corrosion
SInv    .            I - ring of protection from cold
Will    ++...        x - ring of willpower
Stlth   +++          F - ring "Tyneoge" {rElec rF+ rC+ Int+8 Dex-2}
HPRegen 0.30/turn    N - ring of positive energy {rN+}
MPRegen 0.14/turn    (no ring)
                     (no ring)

%: no passive effects
@: beast-form
A: beast (slay +4), reduced essence, almost no armour, amphibious, 8 rings,
camouflage 1, gelatinous body 1, (nimble swimmer 1), tentacles
a: Begin Untransformation, Renounce Religion, Recall Ancestor, Ancestor
Identity, Transference


You were on level 10 of the Dungeon.
You worshipped Hepliaklqana.
Hepliaklqana was most pleased with you.
You were a hulking beast.
You visited 1 branch of the dungeon, and saw 10 of its levels.

You collected 619 gold pieces.

Inventory:

Hand Weapons
 h - a +4 scimitar of flaming
Missiles
 s - a throwing net
 y - 35 poisoned darts
Jewellery
 o - a ring of willpower (left tentacle)
 r - a ring of fire {rF+, rC-}
 x - a ring of willpower (on tentacle)
 C - a ring of resist corrosion (right tentacle)
 F - the ring "Tyneoge" (on tentacle) {rElec rF+ rC+ Int+8 Dex-2}
   (You acquired it on level 10 of the Dungeon)

   [ring of protection from fire]

   Int+8:     It affects your intelligence (+8).
   Dex-2:     It affects your dexterity (-2).
   rF+:       It protects you from fire.
   rC+:       It protects you from cold.
   rElec:     It insulates you from electricity.
 I - a ring of protection from cold (on tentacle)
 N - a ring of positive energy (on tentacle) {rN+}
Talismans
 b - a beast talisman (active)
 c - a flux talisman
 E - a maw talisman
Wands
 G - a wand of flame (45)
Scrolls
 e - 2 scrolls of fear
 f - a scroll of fog
 k - a scroll of noise {!r}
 l - a scroll of immolation {!r}
 q - 3 scrolls of revelation
 t - a scroll of teleportation
 u - 3 scrolls of poison {!r}
 A - 3 scrolls of amnesia
 B - 3 scrolls of vulnerability {!r!r}
Potions
 a - 4 potions of lignification {!q}
 d - 2 potions of resistance
 g - a potion of invisibility
 i - 3 potions of brilliance {unknown}
 j - a potion of curing
 m - a potion of berserk rage {!q}
 p - 3 potions of attraction {!q}
 w - a potion of enlightenment {unknown}
Miscellaneous
 D - a phantom mirror (inert)


   Skills:
 + Level 5.1 Fighting
 + Level 3.5 Dodging
 + Level 4.1 Stealth
 * Level 13.4 Unarmed Combat
 - Level 3.0 Spellcasting
 + Level 2.8 Necromancy
 + Level 2.7 Translocations
 + Level 3.1 Invocations
 + Level 3.2 Evocations
 + Level 7.6 Shapeshifting


You had 12 spell levels left.
You knew the following spells:

 Your Spells              Type           Power      Damage    Failure   Level
g - Apportation           Tloc           28%        N/A       4%          1
v - Vampiric Draining     Necr           15%        2d7       12%         3

Your spell library contained the following spells:

 Spells                   Type           Power      Damage    Failure   Level
 Necrotise                Necr           60%        1d7       4%          1
 Sublimation of Blood     Necr           15%        N/A       6%          2
 Summon Small Mammal      Summ           12%        N/A       13%         1
 Cigotuvi's Dreadful Rot  Necr/Pois/Air  14%        N/A       14%         2
 Dispel Undead            Necr           15%        3d10      38%         4
 Agony                    Necr           15%        N/A       75%         5
 Petrify                  Tmut/Erth      3%         N/A       78%         4
 Irradiate                Conj/Tmut      1%         3d12      98%         5
 Death Channel            Necr           7%         N/A       99%         6


Dungeon Overview and Level Annotations

Branches:
Dungeon (10/15)            Temple (0/1) D:7            Lair (0/5) D:9
    Orc: D:9-12

Altars:
Ashenzari
Cheibriados
Elyvilon
Gozag
Hepliaklqana
Nemelex Xobeh
Okawaru
Qazlal
Trog
Uskayaw
Vehumet

Shops:
D:6 [

Annotations:
D:3 1 runed translucent door, Crazy Yiuf


Innate Abilities, Weirdness & Mutations

You are a hulking beast.
Your limbs bulge with bestial killing power. (Slay +4)
Your life essence is reduced to manifest your ancestor. (-10% HP)
You cannot wear most types of armour.
You are amphibious.
You can wear up to eight rings at the same time.
Your skin changes colour to match your surroundings (Stealth+).
Your rubbery body absorbs attacks. (AC +1, EV +1)
((You are camouflaged when in or above water. (Stealth+)))
You have tentacles for arms and can constrict up to eight enemies at once.


Message History

The skeletal warrior throws a stone.
The stone barely misses you.
Agathocles gestures at the skeletal warrior while chanting.
The puff of frost misses the skeletal warrior.
Unknown command.
You batter the skeletal warrior!! You tentacle-slap the skeletal warrior.
The skeletal warrior is severely damaged.
Your skeletal warrior throws a stone.
The stone hits the skeletal warrior.
The skeletal warrior closely misses you.
You tentacle-slap the skeletal warrior. You grab the skeletal warrior.
You squeeze the skeletal warrior, but do no damage.
The skeletal warrior is severely damaged.
You constrict the skeletal warrior.
Agathocles points at the skeletal warrior and mumbles some strange words.
The stone arrow hits the skeletal warrior!!
The skeletal warrior is destroyed!
Your Stealth skill increases to level 4!
You tentacle-slap the skeletal warrior but do no damage.
The skeletal warrior is heavily damaged.
The skeletal warrior hits you with a +0 scimitar.
Agathocles casts a spell at the skeletal warrior.
The stone arrow hits the skeletal warrior.
You take 3 damage, and have 39/63 hp.
You tentacle-slap the skeletal warrior but do no damage.
You grab the skeletal warrior.
The skeletal warrior is heavily damaged.
You constrict the skeletal warrior, but do no damage.
The skeletal warrior hits you with a +0 dire flail!!
* * * LOW HITPOINT WARNING * * *
The skeletal warrior hits you with a +0 scimitar!
* * * LOW HITPOINT WARNING * * *
Agathocles points at the skeletal warrior and mumbles some strange words.
The stone arrow hits the skeletal warrior!
You take 38 damage, and have 1/63 hp.
MASSIVE DAMAGE!!
Okay, then.
Unknown command.
Okay, then.
You release your grip on the skeletal warrior.
The skeletal warrior throws a stone.
The stone hits you.
You die...

##.........#
#.......##
#.##....#
#.###...## .##
#....# ..
##%(z## ..#
#.Rzz# ...
##...# ....
#..h## ....
##...# #...##
##...# #...##
########
##...####......#
#.............#
##............#
##.###########


You could see the friendly Agathocles the battlemage, 2 skeletal warriors and a
friendly skeletal warrior (summoned, drained).

Levels and vault maps discovered:
D:1:      dpeg_arrival_tiny_c, layout_basic
D:2:      minmay_spotlight, layout_basic
D:3:      layout_basic, grunt_temple_overflow_opulence, minmay_guardbox,
          uniq_crazy_yiuf_cottage, uniq_jessica, uniq_grinder
D:4:      layout_gridville, mainiacjoe_overflow_small_starburst, uniq_sigmund
D:5:      layout_rooms, lemuel_tele_altar, mainiacjoe_overflow_cross_hatched,
          minmay_a_box_with_orc_wizards_in_it
D:6:      kennysheep_spiral_hall, layout_basic, overflow_temple_1_default,
          serial_shops, nicolae_shop_rolling_square
D:7:      layout_loops_ring, lemuel_round_altar, minmay_temple_entry_ruins
D:8:      layout_cave_pods, nicolae_qazlal_beasts_of_the_sky,
          chei_slow_surprise, minmay_misc_feat_secret_circle, minmay_liquid_box,
          kennysheep_big_empty_room
D:9:      kennysheep_seaside_town, layout_long_grid, hellmonk_lair_entry_icy,
          uniq_pikel, uniq_erica
D:10:     layout_cave_pods, mainiacjoe_overflow_alcove_1,
          mainiacjoe_overflow_paths

Notes
Turn   | Place    | Note
-------+----------+-------------------------------------------
     0 | D:1      | puppykicker the Octopode Shapeshifter began the quest for
                  | the Orb.
     0 | D:1      | Reached XP level 1. HP: 13/13 MP: 1/1
    90 | D:1      | Identified a +0 dagger
   126 | D:1      | Reached XP level 2. HP: 16/18 MP: 2/2
   196 | D:1      | Identified a +0 hand axe
   235 | D:1      | Identified a +0 dagger
   358 | D:1      | Identified a +0 dagger
   427 | D:1      | Identified a +0 sling
   440 | D:1      | Identified a +0 club
   551 | D:1      | Identified a +0 club
   642 | D:2      | Identified a +0 club
   643 | D:2      | Identified a +0 dagger
   663 | D:2      | Identified a +0 halberd
   664 | D:2      | Identified a +0 dagger
   665 | D:2      | Identified a +0 halberd
   666 | D:2      | Identified a +0 flail
   671 | D:2      | Reached XP level 3. HP: 24/24 MP: 3/3
   697 | D:2      | Reached skill level 2 in Fighting
   697 | D:2      | Reached skill level 4 in Unarmed Combat
   697 | D:2      | Reached XP level 4. HP: 29/29 MP: 4/4
   711 | D:2      | Identified a +0 club
   747 | D:2      | Identified a +0 club
   800 | D:2      | Identified a ring of resist corrosion
   808 | D:2      | Identified a +0 whip
   814 | D:2      | Identified a +0 chain mail
   827 | D:2      | Identified 5 scrolls of identify
   827 | D:2      | Identified a scroll of amnesia
   828 | D:2      | Identified 2 potions of berserk rage
   847 | D:2      | Identified a +0 leather armour
   854 | D:2      | Identified a +0 dagger
   912 | D:2      | Identified a +0 dagger
   974 | D:2      | Identified a +0 barding
   974 | D:2      | Identified the +4 mace of Bread {heavy, rPois Dex+3}
  1071 | D:2      | Identified a scroll of vulnerability
  1072 | D:2      | Identified a scroll of noise
  1073 | D:2      | Identified a potion of resistance
  1080 | D:2      | Identified a +0 quarterstaff
  1083 | D:2      | Identified a ring of willpower
  1190 | D:2      | Identified a +0 robe
  1259 | D:2      | Identified a +0 club
  1395 | D:2      | Identified a +0 dagger
  1467 | D:3      | Noticed Grinder
  1481 | D:3      | Killed Grinder
  1482 | D:3      | Reached skill level 3 in Fighting
  1482 | D:3      | Reached skill level 5 in Unarmed Combat
  1482 | D:3      | Reached skill level 4 in Shapeshifting
  1482 | D:3      | Reached XP level 5. HP: 23/36 MP: 5/5
  1482 | D:3      | Reached XP level 6. HP: 27/42 MP: 6/6
  1655 | D:3      | Identified a scroll of immolation
  1675 | D:3      | Found a runed translucent door.
  1676 | D:3      | Identified a +2 quarterstaff of chaos
  1676 | D:3      | Identified a +0 cloak
  1676 | D:3      | Noticed Crazy Yiuf
  1741 | D:3      | Found an opulent altar of Gozag.
  1741 | D:3      | Found a sparkling altar of Nemelex Xobeh.
  1741 | D:3      | Identified a +0 club
  1804 | D:3      | Identified a +0 dagger
  1857 | D:3      | Identified a +0 club
  1857 | D:3      | Identified a +2 robe of positive energy
  1857 | D:3      | Noticed Jessica
  1864 | D:3      | Killed Jessica
  1957 | D:3      | Identified a +0 dagger
  1968 | D:3      | Identified a +0 dagger
  1975 | D:3      | Identified a +0 dagger
  1979 | D:3      | Identified a +0 sling
  1979 | D:3      | Identified a +0 club
  2006 | D:3      | HP: 10/42 [poisoned by an adder]
  2024 | D:3      | HP: 10/42 [goblin/sling bullet (1)]
  2206 | D:3      | Identified a +0 leather armour
  2409 | D:4      | Identified a +0 buckler
  2420 | D:4      | Identified a +0 dagger
  2420 | D:4      | Identified a +0 chain mail
  2422 | D:4      | Identified a +0 club
  2423 | D:4      | Identified a +0 flail
  2423 | D:4      | Identified a +0 whip
  2423 | D:4      | Identified a +0 halberd
  2576 | D:4      | Reached XP level 7. HP: 41/46 MP: 7/7
  2582 | D:4      | Found a hazy altar of Hepliaklqana.
  2605 | D:4      | Became a worshipper of Hepliaklqana the Forgotten
  2791 | D:4      | Learned a level 1 spell: Apportation
  2800 | D:4      | Reached skill level 6 in Unarmed Combat
  2807 | D:4      | Identified a +0 war axe of venom
  2815 | D:4      | Identified a +0 giant spiked club
  3067 | D:4      | Identified a +0 scythe
  3067 | D:4      | Identified a +0 robe
  3067 | D:4      | Noticed Sigmund
  3075 | D:4      | Identified a +0 orcbow
  3085 | D:4      | Reached skill level 4 in Fighting
  3089 | D:4      | Killed Sigmund
  3090 | D:4      | Reached skill level 5 in Shapeshifting
  3225 | D:4      | Reached skill level 7 in Unarmed Combat
  3326 | D:4      | Reached XP level 8. HP: 49/54 MP: 8/8
  3386 | D:4      | Identified a +0 club
  3523 | D:5      | Entered Level 5 of the Dungeon
  3752 | D:5      | Identified a +0 giant club
  3752 | D:5      | Identified a +0 giant club
  3752 | D:5      | Noticed a two-headed ogre
  3762 | D:5      | HP: 10/54 [two-headed ogre/+0 giant club (16)]
  3763 | D:5      | Killed a two-headed ogre
  3764 | D:5      | Reached skill level 8 in Unarmed Combat
  3764 | D:5      | Reached skill level 6 in Shapeshifting
  3773 | D:5      | Identified a +0 dagger
  3920 | D:5      | Identified a +0 short sword
  3920 | D:5      | Identified a +0 ring mail
  3920 | D:5      | Identified a +0 dagger
  3920 | D:5      | Identified a +0 robe
  3921 | D:5      | Identified a +0 short sword
  3951 | D:5      | Identified a +0 dagger
  3951 | D:5      | Identified a +0 robe
  3951 | D:5      | Identified a +0 dagger
  3951 | D:5      | Identified a +0 robe
  4105 | D:5      | Identified a +0 dagger
  4105 | D:5      | Identified a +0 robe
  4117 | D:5      | Reached skill level 9 in Unarmed Combat
  4118 | D:5      | Reached XP level 9. HP: 43/58 MP: 9/9
  4124 | D:5      | Learned a level 3 spell: Vampiric Draining
  4125 | D:5      | Identified a +0 leather armour
  4200 | D:5      | Found an iron altar of Okawaru.
  4427 | D:5      | Identified a +0 whip
  4432 | D:5      | Reached * piety under Hepliaklqana
  4464 | D:5      | Identified a +0 trident
  4479 | D:5      | Found a radiant altar of Vehumet.
  4480 | D:5      | Identified a +0 giant club
  4498 | D:5      | Identified a ring of fire
  4601 | D:5      | Identified a +0 giant club
  4607 | D:5      | Reached skill level 1 in Spellcasting
  4720 | D:6      | Identified a +0 spear
  4721 | D:6      | Identified a +0 whip
  4721 | D:6      | Identified a +0 club
  4723 | D:6      | Identified a +0 club
  4850 | D:6      | Identified a +0 hand axe
  4855 | D:6      | Identified a +0 short sword
  4883 | D:6      | Identified a +0 short sword
  4883 | D:6      | Identified a +0 leather armour
  4912 | D:6      | Identified a scroll of fear
  4913 | D:6      | Identified a scroll of revelation
  4935 | D:6      | Identified a +0 dagger
  4935 | D:6      | Identified a +0 robe
  4937 | D:6      | Identified a +0 whip
  4939 | D:6      | Identified a +0 hand axe
  4939 | D:6      | Identified a +0 leather armour
  4942 | D:6      | Identified a +0 quarterstaff
  4960 | D:6      | Identified a +0 shortbow
  4971 | D:6      | Reached skill level 2 in Spellcasting
  5088 | D:6      | Identified a +0 flail of draining
  5122 | D:6      | Found Puck's Armour Shoppe.
  5126 | D:6      | Identified a +0 shortbow
  5133 | D:6      | Identified a +0 giant spiked club
  5139 | D:6      | Reached skill level 10 in Unarmed Combat
  5150 | D:6      | Identified a +0 whip
  5150 | D:6      | Identified a +0 short sword of electrocution
  5150 | D:6      | Identified a +0 hand axe
  5150 | D:6      | Identified a +0 scale mail
  5155 | D:6      | Identified a +0 club
  5158 | D:6      | Identified a +0 flail
  5398 | D:6      | Found a bloodstained altar of Trog.
  5626 | D:6      | Identified a +0 short sword
  5627 | D:6      | Identified a +0 dagger
  5627 | D:6      | Identified a +0 robe
  5638 | D:6      | Identified a +0 dagger
  5638 | D:6      | Identified a +0 scale mail
  5639 | D:6      | Identified a +0 dagger
  5640 | D:6      | Identified a +0 mace of draining
  5662 | D:6      | Identified a +0 hand axe
  5662 | D:6      | Identified a +0 ring mail
  5671 | D:6      | Identified a +0 quarterstaff
  5790 | D:7      | Identified a +0 orcbow
  5792 | D:7      | Reached skill level 7 in Shapeshifting
  5821 | D:7      | Found a staircase to the Ecumenical Temple.
  5830 | D:7      | Reached ** piety under Hepliaklqana
  5831 | D:7      | Identified a +0 dagger
  5832 | D:7      | Remembered your ancestor Agathocles as a battlemage
  5832 | D:7      | Identified a +0 quarterstaff
  5836 | D:7      | Identified a +0 dagger
  5836 | D:7      | Identified a +0 robe
  5836 | D:7      | Identified a +0 dagger
  5836 | D:7      | Identified a +0 robe
  5839 | D:7      | Identified a +0 club
  5839 | D:7      | Identified a +0 club
  5839 | D:7      | Identified a +0 leather armour
  5919 | D:7      | Identified a scroll of poison
  5951 | D:7      | Identified 3 potions of attraction
  5969 | D:7      | Identified a +0 spear
  5970 | D:7      | Identified a +0 spear of venom
  5970 | D:7      | Identified a +0 scale mail
  5970 | D:7      | Identified a +0 kite shield
  5970 | D:7      | Identified a +0 club
  5970 | D:7      | Identified a +0 club
  5973 | D:7      | Identified a +3 whip
  5973 | D:7      | Identified a +0 flail
  5984 | D:7      | Reached skill level 11 in Unarmed Combat
  5986 | D:7      | Identified a +0 short sword
  6025 | D:7      | Identified a +0 quarterstaff
  6135 | D:7      | Identified a +0 dagger
  6135 | D:7      | Identified a +0 robe
  6141 | D:7      | Identified a +0 mace
  6141 | D:7      | Identified a +0 scale mail
  6214 | D:7      | Identified a +0 quarterstaff
  6307 | D:7      | Identified a ring of protection from cold
  6550 | D:7      | Found a broken altar of Ashenzari.
  6589 | D:8      | Identified a +0 ring mail
  6666 | D:8      | Reached XP level 10. HP: 56/56 MP: 13/13
  6894 | D:8      | Reached *** piety under Hepliaklqana
  6961 | D:8      | Found a stormy altar of Qazlal.
  6979 | D:8      | Identified a +0 short sword of venom
  7181 | D:8      | Found a snail-covered altar of Cheibriados.
  7284 | D:8      | Identified a +0 dagger
  7284 | D:8      | Identified a +0 dagger
  7284 | D:8      | Identified a +0 robe
  7285 | D:8      | Identified a +0 club
  7285 | D:8      | Identified a +0 ring mail
  7286 | D:8      | Identified a +0 dagger
  7286 | D:8      | Identified a +0 leather armour
  7452 | D:9      | Reached skill level 12 in Unarmed Combat
  7486 | D:9      | Identified a ring of positive energy
  7502 | D:9      | Identified a +0 dagger
  7502 | D:9      | Identified a +0 robe
  7504 | D:9      | Identified a +0 whip
  7504 | D:9      | Identified a +0 leather armour
  7505 | D:9      | Identified a +0 whip of electrocution
  7506 | D:9      | Identified a +0 dagger
  7506 | D:9      | Identified a +0 robe
  7537 | D:9      | Identified a +0 giant club
  7537 | D:9      | Identified a +0 giant spiked club
  7537 | D:9      | Noticed a two-headed ogre
  7539 | D:9      | Identified a +0 dagger
  7542 | D:9      | Identified a +0 dagger
  7543 | D:9      | Identified a +0 dagger
  7545 | D:9      | Identified a +0 dagger
  7546 | D:9      | Identified a +0 dagger
  7547 | D:9      | Identified a +0 club
  7552 | D:9      | Identified a +0 club
  7557 | D:9      | Killed an unseen horror
  7568 | D:9      | Killed a two-headed ogre
  7569 | D:9      | Reached skill level 13 in Unarmed Combat
  7569 | D:9      | Reached skill level 1 in Stealth
  7599 | D:8      | Identified a +0 quarterstaff
  7712 | D:9      | Reached skill level 1 in Invocations
  7712 | D:9      | Reached skill level 1 in Evocations
  7713 | D:9      | Reached skill level 1 in Necromancy
  7745 | D:9      | Reached skill level 1 in Translocations
  7770 | D:9      | Identified a +0 short sword
  7770 | D:9      | Identified a +0 plate armour
  7773 | D:9      | Identified a +0 vampiric dagger
  7773 | D:9      | Identified a +0 dagger
  7773 | D:9      | Identified a +0 robe
  7773 | D:9      | Identified a +0 short sword
  7773 | D:9      | Identified a +0 chain mail
  7779 | D:9      | Identified a +0 club
  7779 | D:9      | Identified a +0 leather armour
  7780 | D:9      | Reached skill level 2 in Stealth
  7784 | D:9      | Found a staircase to the Lair.
  7804 | D:9      | Reached XP level 11. HP: 24/63 MP: 14/14
  7808 | D:9      | HP: 13/63 [yak (11)]
  7810 | D:9      | Reached skill level 2 in Evocations
  7813 | D:9      | HP: 14/94 [yak (4)]
  7818 | D:9      | Reached skill level 2 in Invocations
  7830 | D:9      | Identified a +0 whip
  7849 | D:9      | Identified a +2 whip of freezing
  7849 | D:9      | Identified a +0 robe
  7849 | D:9      | Noticed Pikel
  7856 | D:9      | Killed Pikel
  7857 | D:9      | Reached skill level 3 in Dodging
  7857 | D:9      | Reached skill level 3 in Stealth
  7857 | D:9      | Reached skill level 2 in Necromancy
  7857 | D:9      | Reached skill level 2 in Translocations
  8046 | D:9      | Identified a +4 scimitar of flaming
  8046 | D:9      | Identified a +0 robe
  8046 | D:9      | Noticed Erica
  8053 | D:9      | Killed Erica
  8054 | D:9      | Reached skill level 3 in Spellcasting
  8609 | D:9      | Identified a +0 whip
  8609 | D:9      | Identified a +0 leather armour
  8609 | D:9      | Identified a +0 club
  8621 | D:9      | Identified a +0 whip
  8621 | D:9      | Identified a +0 leather armour
  8621 | D:9      | Identified a +0 flail
  8621 | D:9      | Identified a +0 halberd
  8621 | D:9      | Identified a +0 flail
  8622 | D:9      | Identified a +0 halberd
  8622 | D:9      | Identified a +0 whip
  8623 | D:9      | Identified a +0 club
  8623 | D:9      | Identified a +0 giant club
  8623 | D:9      | Identified a +0 halberd of freezing
  8623 | D:9      | Identified a +0 whip
  8624 | D:9      | Identified a +0 whip
  8624 | D:9      | Identified a +0 robe
  8624 | D:9      | Identified a +0 club
  8624 | D:9      | Identified a +0 halberd
  8625 | D:9      | HP: 15/63 [gnoll/+0 flail[a gnoll bouda] (6)]
  8625 | D:9      | Identified a +0 flail
  8630 | D:9      | Identified 3 potions of curing
  8631 | D:9      | HP: 6/63 [gnoll/+0 flail[a gnoll bouda] (9)]
  8632 | D:9      | HP: 2/63 [gnoll/+0 whip[a gnoll bouda] (10)]
  8674 | D:8      | Identified a +0 quarterstaff
  8912 | D:9      | Identified a +3 mace
  8912 | D:9      | Identified a +0 robe
  8913 | D:9      | Identified a +3 short sword of freezing
  8913 | D:9      | Identified a +0 robe
  8917 | D:9      | Identified a +0 spear
  8917 | D:9      | Identified a +0 robe
  9020 | D:9      | Identified a +0 giant spiked club
  9043 | D:9      | Identified a +0 hand axe
  9043 | D:9      | Identified a +0 scale mail
  9053 | D:9      | Identified a +0 giant club
  9054 | D:9      | Identified a +0 giant spiked club
  9061 | D:9      | Identified a +0 glaive
  9061 | D:9      | Identified a +0 chain mail
  9063 | D:9      | Identified a +0 club
  9274 | D:9      | Identified a +0 glaive
  9274 | D:9      | Identified a +0 chain mail
  9393 | D:9      | Identified a +0 whip
  9393 | D:9      | Identified a +0 robe
  9393 | D:9      | Identified a +0 orcbow
  9405 | D:9      | Identified 2 scrolls of teleportation
  9738 | D:10     | Entered Level 10 of the Dungeon
  9747 | D:10     | Reached **** piety under Hepliaklqana
  9749 | D:10     | Found a hide-covered altar of Uskayaw.
  9815 | D:9      | Identified a +0 quarterstaff
  9946 | D:10     | Found a white marble altar of Elyvilon.
 10053 | D:10     | Identified a scroll of acquirement
 10054 | D:10     | Identified a scroll of fog
 10055 | D:10     | Identified a potion of invisibility
 10056 | D:10     | Acquired the ring "Tyneoge" {rElec rF+ rC+ Int+8 Dex-2}
 10108 | D:10     | Identified a +0 short sword
 10108 | D:10     | Noticed a skeletal warrior
 10112 | D:10     | Identified a +0 mace
 10112 | D:10     | Noticed a skeletal warrior
 10112 | D:10     | Identified a +0 scimitar
 10112 | D:10     | Noticed a skeletal warrior
 10114 | D:10     | Identified a +0 dire flail
 10114 | D:10     | Noticed a skeletal warrior
 10117 | D:10     | Killed a skeletal warrior
 10118 | D:10     | Reached skill level 5 in Fighting
 10118 | D:10     | Reached skill level 3 in Invocations
 10118 | D:10     | Reached skill level 3 in Evocations
 10122 | D:10     | Killed a skeletal warrior
 10123 | D:10     | Reached skill level 4 in Stealth
 10124 | D:10     | HP: 1/63 [skeletal warrior/+0 scimitar (16)]
 10125 | D:10     | Hit by a stone thrown by a skeletal warrior

Table legend: (Time is in decaauts)
 A = Elapsed time spent in this place.
 B = Non-inter-level travel time spent in this place.
 C = Inter-level travel time spent in this place.
 D = Time resting spent in this place.
 E = Time spent auto-exploring this place.
 F = Levels seen in this place.
 G = Mean time per level.
                   A        B        C        D        E       F      G
               +--------+--------+--------+--------+--------+-----+--------+
         Total |  10073 |   9607 |    466 |   2378 |   5569 |  10 | 1007.3 |
       Dungeon |  10073 |   9607 |    466 |   2378 |   5569 |  10 | 1007.3 |
               +--------+--------+--------+--------+--------+-----+--------+

Top non-repeatable levels by time:
     D:9: 2046 daAuts
     D:8: 1221 daAuts
     D:5: 1184 daAuts
     D:4: 1121 daAuts
     D:6: 1069 daAuts
     D:3: 945 daAuts
     D:2: 822 daAuts
     D:7: 783 daAuts
     D:1: 626 daAuts
    D:10: 252 daAuts

Table legend:
 A = Kills in this place as a percentage of kills in the entire game.
 B = Kills by you in this place as a percentage of kills by you in the entire game.
 C = Kills by friends in this place as a percentage of kills by friends in the entire game.
 D = Other kills in this place as a percentage of other kills in the entire game.
 E = Experience gained in this place as a percentage of experience gained in the entire game.
 F = Experience gained in this place divided by the number of levels of this place that you have seen.
                   A       B       C       D       E      F
               +-------+-------+-------+-------+-------+----------------------
         Total | 100.0 | 100.0 | 100.0 |   N/A | 100.0 | 1505.6
       Dungeon | 100.0 | 100.0 | 100.0 |   N/A | 100.0 | 1505.6
               +-------+-------+-------+-------+-------+----------------------

Skill      XL: |  1  2  3  4  5  6  7  8  9 10 11 |
---------------+----------------------------------+-----
Fighting       | 2 3 4 5 |  5.1
Unarmed Combat | 4 5 7 9 11 13 | 13.4
Shapeshifting  | 4 5 6 7 |  7.6
Spellcasting   | 2 3 |  3.0
Stealth        | 2 4 |  4.1
Invocations    | 1 3 |  3.1
Evocations     | 1 3 |  3.2
Necromancy     | 1 2 |  2.8
Translocations | 1 2 |  2.7
Dodging        | 3 |  3.5

Action                     |  1- 3 |  4- 6 |  7- 9 | 10-12 || total
---------------------------+-------+-------+-------+-------++-------
  Melee: Unarmed           |    48 |    97 |   173 |   123 ||   441
         Constrict         |    13 |    21 |    42 |    27 ||   103
         Tentacles         |     8 |    14 |    38 |    37 ||    97
         Punch             |       |     2 |    10 |    13 ||    25
  Throw: Javelin           |       |       |     9 |    11 ||    20
 Invoke: Ancestor Life: Ba |       |       |     1 |       ||     1
         Recall Ancestor   |       |       |       |     1 ||     1
  Evoke: Wand              |       |       |     3 |    10 ||    13
         Phantom mirror    |       |       |       |     1 ||     1
    Use: Scroll            |       |     6 |     4 |     6 ||    16
         Potion            |       |       |     1 |     3 ||     4
   Stab: Sleeping          |     2 |     9 |     8 |     2 ||    21
         Distracted        |       |     1 |       |     4 ||     5
 Armour: Skin              |    14 |    37 |    87 |    71 ||   209
  Dodge: Dodged            |    21 |    58 |    82 |    61 ||   222

Vanquished Creatures
  2 two-headed ogres
  A skeletal warrior (D:10)
  An unseen horror (D:9)
  A rime drake (D:9)
  A hornet (D:9)
  Grinder (D:3)
  Sigmund (D:4)
  3 yaks (D:9)
  A wyvern (D:8)
  A water moccasin (D:6)
  3 orc warriors (D:9)
  2 ice beasts
  2 sky beasts (D:8)
  2 black bears
  4 centaurs
  2 wolves (D:9)
  A lemure (D:9)
  6 ogres
  3 kobold brigands
  A gnoll sergeant (D:7)
  A scorpion (D:7)
  A wight (D:9)
  A howler monkey (D:9)
  A lava snake (D:8)
  6 hounds
  3 jellies
  A gnoll bouda (D:9)
  4 orc priests
  Jessica (D:3)
  6 iguanas
  11 orc wizards
  7 adders
  19 gnolls
  3 shadow imps
  2 white imps
  2 ufetubi
  5 worms
  A dart slug (D:5)
  22 orcs
  2 bats
  4 endoplasms
  5 giant cockroaches
  13 hobgoblins
  3 jackals (D:4)
  6 ball pythons
  4 frilled lizards
  16 goblins
  10 kobolds
  3 rats
202 creatures vanquished.

Vanquished Creatures (collateral kills)
  Erica (D:9)
  A skeletal warrior (D:10)
  Pikel (D:9)
  A komodo dragon (D:10)
  6 yaks (D:9)
  2 wolves (D:9)
  2 ogres
  A centaur (D:6)
  A lemure (D:9)
  A kobold brigand (D:9)
  2 wights (D:9)
  3 gnoll boudas (D:9)
  An orc priest (D:8)
  2 orc wizards
  6 gnolls
  7 orcs
  3 kobolds (D:9)
41 creatures vanquished.

Vanquished Creatures (others)
  An ancestor (D:6)
  4 battlemagi
5 creatures vanquished.

Grand Total: 248 creatures vanquished
